r e k t, neutral male scurrid Tourist ... .@M ... r e k t the Rambler Experience level: 1 Strength: 12 Dexterity: 11 Constitution: 14 Intelligence: 12 Wisdom: 8 Charisma: 16 Health: 0(9) Energy: 2(2) Def: 0 Gold: 126 Moves: 38 Dungeon seed: 4licEvnQ9ufrRhBa Game ID: r e k t_1498626056 Your Inventory: Coins $ - 126 gold pieces Weapons a - 43 uncursed +2 darts (in quiver) Armor e - a blessed +0 Hawaiian shirt (being worn) Comestibles b - an uncursed pear c - 2 uncursed tripe rations d - 7 uncursed food rations f - an uncursed cream pie Scrolls h - 4 uncursed scrolls of magic mapping Potions g - 2 uncursed potions of extra healing Wands k - an uncursed wand of secret door detection (0:13) Tools i - an uncursed expensive camera (0:59) j - an uncursed credit card l - an uncursed tin opener Spells and supernatural/magical abilities: Name Level Category Fail Memory W - pray for help -- divine ? -- Your skills at the end: Miscellaneous Skills wands [Basic] Weapon Skills dart [Basic] Spellcasting Skills Final Attributes: You were devoutly aligned. You had infravision. You were very stealthy. You are dead. Voluntary challenges: You went without food. You did not adorn yourself with jewelry or accessories. You did not cause conflict. You were not invisible. You did not have reflection. You were not displaced. You were an atheist. You never hit with a wielded weapon. You were a pacifist. You did not use tools. You did not use plumbed fixtures. You did not drink any magical draughts. You were illiterate. You never genocided any monsters. You never polymorphed an object. You never changed form. You used no wishes. You never split a pudding. You never wrote Elbereth's name. You never violated your personal moral code. Dungeon overview: The Dungeons of Doom: levels 1 to 16 Level 1 a long staircase Level 2 Level 3 Level 4 Level 5 an altar to Blind Io Level 6 Level 7 Level 8 Level 9 Level 10 Level 11 a fountain Level 12 Level 13 Level 14 a jewelry store Level 15 Level 16 <- You were here History has recorded: On T:1 you entered the Dungeons of Doom to retrieve the Amulet of Yendor! On T:4 you reached level 2 of The Dungeons of Doom. On T:7 you reached level 3 of The Dungeons of Doom. On T:9 you reached level 4 of The Dungeons of Doom. On T:11 you reached level 5 of The Dungeons of Doom. On T:13 you reached level 6 of The Dungeons of Doom. On T:16 you reached level 7 of The Dungeons of Doom. On T:18 you reached level 8 of The Dungeons of Doom. On T:20 you reached level 9 of The Dungeons of Doom. On T:22 you reached level 10 of The Dungeons of Doom. On T:26 you reached level 11 of The Dungeons of Doom. On T:28 you reached level 12 of The Dungeons of Doom. On T:31 you reached level 13 of The Dungeons of Doom. On T:33 you reached level 14 of The Dungeons of Doom. On T:35 you reached level 15 of The Dungeons of Doom. On T:37 you reached level 16 of The Dungeons of Doom. On T:37 you entered the Rogue tribute level. Score breakdown: Gold: 56 ( 5 points) Experience: 1 level ( 0 points) Exploration: 16 levels ( 450 points) Discoveries: 0 items ( 0 points) Variety of kills: 0 monsters ( 0 points) Major goal: (nothing yet) ( 0 points) Survival: died (score multiplied by 3) Total score: 1365 Latest messages: "Aloha, r e k t! Welcome to Ypey's jewelers!" You see here a steel ring (150 zorkmids). You start digging downward. "Be careful, sir, or you might fall through the floor." You continue digging downward. You dig a pit in the floor. You continue digging downward. You dig a hole through the floor. You fall through... You receive a faint telepathic message from Twoflower: Your help is urgently needed at Ankh-Morpork! Look for a ...ic transporter. You couldn't quite make out that last message. You start digging downward. You continue digging downward. You dig a pit in the floor. You continue digging downward. You dig a hole through the floor. You fall through... You enter what seems to be an older, more primitive world. You start digging downward. The ettin mummy scratches you! (2x) You die... Final status: Aloha r e k t the Tourist, killed by an ettin mummy... You died in The Dungeons of Doom on dungeon level 16 with 1365 points, and 126 pieces of gold, after 38 moves. You were level 1 with a maximum of 9 hit points when you died.